MID
KANE COUNTY COUGARS @ BURLINGTON BEES
08/31/2098
 
TOP OF THE 1ST
Kane County Cougars batting - Pitching for Burlington Bees : LHP Ryan Wright
Pitching: LHP Ryan Wright
Batting: SHB Roberto Ramos 0-0: Called Strike
0-1: Swinging Strike
0-2: Ball
1-2: Strikes out swinging
Batting: RHB Rob Richardson 0-0: Foul Ball, location: 5FF
0-1: Ball
1-1: Foul Ball, location: 23FF
1-2: Strikes out looking
Batting: RHB Thomas Montgomery 0-0: Ball
1-0: Ball
2-0: Ball
3-0: Called Strike
3-1: Base on Balls
Batting: SHB Brian Warfel 0-0: Ball
Thomas Montgomery steals 2nd base
1-0: Foul Ball, location: 25F
1-1: Foul Ball, location: 9LSF
1-2: Ball
2-2: Foul Ball, location: 25F
2-2: SINGLE (Line Drive, 6D, EV 97.5 MPH)
Thomas Montgomery to third
Runner from 3rd tries for Home, SAFE, throw by CF to home
Batting: RHB Beau Fenton 0-0: Called Strike
0-1: Foul Ball, location: 2F
0-2: Foul Ball, location: 2RF
0-2: SINGLE (Line Drive, 8LS, EV 108.1 MPH)
Brian Warfel to second
Batting: RHB Chris Knable 0-0: Called Strike
0-1: Foul Ball, location: 9LSF
0-2: Fielders Choice at 2nd, 6-4 (Groundball, 6, EV 95.6 MPH)
Top of the 1st over - 1 run, 2 hits, 0 errors, 2 left on base; Kane County 1 - Burlington 0
BOTTOM OF THE 1ST
Burlington Bees batting - Pitching for Kane County Cougars : RHP Randy Hyder
Pitching: RHP Randy Hyder
Batting: RHB Ken Bahr 0-0: Called Strike
0-1: Ball
1-1: Ground out 5-3 (Groundball, 56, EV 83.8 MPH)
Batting: RHB David Hardy 0-0: Ball
1-0: Foul Ball, location: 3F
1-1: Ball
2-1: Foul Ball, location: 2F
2-2: Ground out 6-3 (Groundball, 6, EV 89.4 MPH)
Batting: SHB Colton Voeller 0-0: Ball
1-0: Ball
2-0: Called Strike
2-1: Fly out, F7 (Flyball, 7LMF, EV 98.8 MPH)
Bottom of the 1st over - 0 runs, 0 hits, 0 errors, 0 left on base; Kane County 1 - Burlington 0
TOP OF THE 2ND
Kane County Cougars batting - Pitching for Burlington Bees : LHP Ryan Wright
Batting: RHB Craig Barker 0-0: Called Strike
0-1: Foul Ball, location: 2F
0-2: Foul Ball, location: 9LSF
0-2: Ball
1-2: Strikes out swinging
Batting: RHB Bob Strause 0-0: Ball
1-0: Swinging Strike
1-1: Ground out 5-3 (Groundball, 5, EV 79.4 MPH)
Batting: LHB Roberto Sanchez 0-0: Ball
1-0: Ball
2-0: Called Strike
2-1: Foul Ball, location: 7LSF
2-2: Strikes out looking
Top of the 2nd over - 0 runs, 0 hits, 0 errors, 0 left on base; Kane County 1 - Burlington 0
BOTTOM OF THE 2ND
Burlington Bees batting - Pitching for Kane County Cougars : RHP Randy Hyder
Batting: LHB Josh Walker 0-0: SINGLE (Groundball, 4MD, EV 99.4 MPH)
Batting: RHB Danny Jester 0-0: Called Strike
0-1: SINGLE (Line Drive, 4MD, EV 105.0 MPH)
Josh Walker to second
Batting: SHB Guy Epperson 0-0: Called Strike
0-1: Hit by Pitch
Josh Walker to third
Danny Jester to second
Batting: LHB Kevin Zarndt 0-0: Ball
1-0: Foul Ball, location: 3DF
1-1: Grounds into double play, 6-4-3 (Groundball, 6, EV 88.1 MPH)
Josh Walker scores
Danny Jester to third
Batting: RHB Jason Glennon 0-0: Called Strike
0-1: Called Strike
0-2: Strikes out swinging
Bottom of the 2nd over - 1 run, 2 hits, 0 errors, 1 left on base; Kane County 1 - Burlington 1
TOP OF THE 3RD
Kane County Cougars batting - Pitching for Burlington Bees : LHP Ryan Wright
Batting: SHB Roberto Ramos 0-0: Ball
1-0: Ball
2-0: Called Strike
2-1: Bunt missed!
2-2: Foul Ball, location: 3F
2-2: Strikes out swinging
Batting: RHB Rob Richardson 0-0: Fly out, F7 (Flyball, 78M, EV 86.3 MPH)
Batting: RHB Thomas Montgomery 0-0: Called Strike
0-1: Ground out 1-3 (Groundball, 15, EV 71.3 MPH)
Top of the 3rd over - 0 runs, 0 hits, 0 errors, 0 left on base; Kane County 1 - Burlington 1
BOTTOM OF THE 3RD
Burlington Bees batting - Pitching for Kane County Cougars : RHP Randy Hyder
Batting: RHB Arturo Ramirez 0-0: Foul Ball, location: 5F
0-1: Ball
1-1: Swinging Strike
1-2: Foul Ball, location: 5F
1-2: Foul Ball, location: 2LF
1-2: Strikes out swinging
Batting: RHB Ken Bahr 0-0: Swinging Strike
0-1: Ball
1-1: Ball
2-1: Foul Ball, location: 23F
2-2: Ball
3-2: Foul Ball, location: 9LDF
3-2: Base on Balls
Batting: RHB David Hardy 0-0: Ball
Ken Bahr steals 2nd base
1-0: Ball
2-0: Called Strike
2-1: Foul Ball, location: 7LDF
2-2: Foul Ball, location: 5F
2-2: SINGLE (Groundball, 4MD, EV 99.4 MPH)
Ken Bahr to third
Runner from 3rd tries for Home, SAFE, throw by CF to home
Batting: SHB Colton Voeller 0-0: Called Strike
0-1: Foul Ball, location: 7LDF
0-2: Foul Ball, location: 3SF
0-2: Foul Ball, location: 23F
0-2: Ball
1-2: Ball
2-2: Grounds into double play, 6-4-3 (Groundball, 6S, EV 85.6 MPH)
Bottom of the 3rd over - 1 run, 1 hit, 0 errors, 0 left on base; Kane County 1 - Burlington 2
TOP OF THE 4TH
Kane County Cougars batting - Pitching for Burlington Bees : LHP Ryan Wright
Batting: SHB Brian Warfel 0-0: Ball
1-0: Ball
2-0: Ball
3-0: Base on Balls
Batting: RHB Beau Fenton 0-0: Swinging Strike
0-1: Ball
1-1: Fly out, F1 (Line Drive, P, EV 63.1 MPH)
Lined into DP, 1-3 (Line Drive, P, EV 63.1 MPH)
Batting: RHB Chris Knable 0-0: Ball
1-0: Foul Ball, location: 5DF
1-1: Ball
2-1: Ball
3-1: Base on Balls
Batting: RHB Craig Barker 0-0: Ball
1-0: Foul Ball, location: 3F
1-1: Called Strike
1-2: Ball
2-2: Ball
3-2: Ground out 4-3 (Groundball, 4M, EV 85.6 MPH)
Top of the 4th over - 0 runs, 0 hits, 0 errors, 1 left on base; Kane County 1 - Burlington 2
BOTTOM OF THE 4TH
Burlington Bees batting - Pitching for Kane County Cougars : RHP Randy Hyder
Batting: LHB Josh Walker 0-0: Called Strike
0-1: DOUBLE (Flyball, 89XD, EV 95.0 MPH)
Batting: RHB Danny Jester 0-0: Ball
1-0: Called Strike
1-1: Ball
2-1: Ground out 6-3 (Groundball, 6M, EV 97.5 MPH)
Batting: SHB Guy Epperson 0-0: Ball
1-0: Fly out, F7 (Flyball, 78M, EV 94.4 MPH)
Batting: LHB Kevin Zarndt 0-0: Ball
1-0: Called Strike
1-1: Foul Ball, location: 2RF
1-2: Strikes out swinging
Bottom of the 4th over - 0 runs, 1 hit, 0 errors, 1 left on base; Kane County 1 - Burlington 2
TOP OF THE 5TH
Kane County Cougars batting - Pitching for Burlington Bees : LHP Ryan Wright
Batting: RHB Bob Strause 0-0: Foul Ball, location: 2F
0-1: Ball
1-1: Ball
2-1: Ground out 6-3 (Groundball, 6, EV 88.1 MPH)
Batting: LHB Roberto Sanchez 0-0: Ball
1-0: Ball
2-0: Ball
3-0: Base on Balls
Batting: SHB Roberto Ramos 0-0: Foul Ball, location: 3FF
0-1: Ball
1-1: Ball
2-1: Ball
3-1: Called Strike
3-2: Base on Balls
Roberto Sanchez to second
Batting: RHB Rob Richardson 0-0: Ball
1-0: Foul Ball, location: 3FF
1-1: Swinging Strike
1-2: Strikes out swinging
Batting: RHB Thomas Montgomery 0-0: Swinging Strike
0-1: Ball
1-1: Ball
2-1: Ball
3-1: TRIPLE (Flyball, 89XD, EV 103.1 MPH)
Roberto Sanchez scores
Roberto Ramos scores
Pitching: RHP Jayden Garner
Batting: SHB Brian Warfel 0-0: Fly out, F9 (Flyball, 89S, EV 83.8 MPH)
Top of the 5th over - 2 runs, 1 hit, 0 errors, 1 left on base; Kane County 3 - Burlington 2
BOTTOM OF THE 5TH
Burlington Bees batting - Pitching for Kane County Cougars : RHP Randy Hyder
Batting: RHB Jason Glennon 0-0: Foul Ball, location: 9LDF
0-1: Swinging Strike
0-2: Ball
1-2: Foul Ball, location: 2F
1-2: Strikes out looking
Batting: RHB Arturo Ramirez 0-0: Called Strike
0-1: Swinging Strike
0-2: Ball
1-2: Strikes out looking
Batting: RHB Ken Bahr 0-0: Foul Ball, location: 5FF
0-1: Ball
1-1: Called Strike
1-2: Strikes out swinging
Bottom of the 5th over - 0 runs, 0 hits, 0 errors, 0 left on base; Kane County 3 - Burlington 2
TOP OF THE 6TH
Kane County Cougars batting - Pitching for Burlington Bees : RHP Jayden Garner
Batting: RHB Beau Fenton 0-0: Ball
1-0: Ball
2-0: Ball
3-0: Base on Balls
Batting: RHB Chris Knable 0-0: Called Strike
0-1: Called Strike
0-2: Ball
1-2: Ball
2-2: Foul Ball, location: 2F
2-2: Strikes out looking
Batting: RHB Craig Barker 0-0: Called Strike
0-1: Ball
1-1: Ball
2-1: Ball
3-1: Foul Ball, location: 2F
3-2: Strikes out looking
Batting: RHB Bob Strause 0-0: Ball
1-0: Called Strike
1-1: Ball
2-1: Ball
3-1: Called Strike
3-2: Base on Balls
Beau Fenton to second
Batting: LHB Roberto Sanchez 0-0: Ball
1-0: Ball
2-0: Ball
3-0: Called Strike
3-1: Foul Ball, location: 2F
3-2: Strikes out swinging
Top of the 6th over - 0 runs, 0 hits, 0 errors, 2 left on base; Kane County 3 - Burlington 2
BOTTOM OF THE 6TH
Burlington Bees batting - Pitching for Kane County Cougars : RHP Randy Hyder
Batting: RHB David Hardy 0-0: Ball
1-0: Called Strike
1-1: Ball
2-1: Foul Ball, location: 2F
2-2: Ball
3-2: Foul Ball, location: 2F
3-2: Base on Balls
Batting: SHB Colton Voeller 0-0: Ball
1-0: Ball
2-0: Ball
3-0: Called Strike
3-1: SINGLE (Line Drive, 34D, EV 95.6 MPH)
David Hardy to second
Batting: LHB Josh Walker 0-0: Ball
1-0: Grounds into double play, 4-6-3 (Groundball, 4, EV 86.3 MPH)
David Hardy to third
Pitching: RHP Jim Unknown
Batting: RHB Danny Jester 0-0: Ball
1-0: Ball
2-0: Swinging Strike
2-1: Foul Ball, location: 2F
2-2: DOUBLE (Line Drive, 7LS, EV 98.8 MPH)
David Hardy scores
Batting: SHB Guy Epperson 0-0: Ball
1-0: Foul Ball, location: 2F
1-1: Ball
2-1: Called Strike
2-2: Foul Ball, location: 7LSF
2-2: Strikes out swinging
Bottom of the 6th over - 1 run, 2 hits, 0 errors, 1 left on base; Kane County 3 - Burlington 3
TOP OF THE 7TH
Kane County Cougars batting - Pitching for Burlington Bees : RHP Jayden Garner
Pitching: LHP Pete Christian
Batting: SHB Roberto Ramos 0-0: Ball
1-0: Foul Ball, location: 23FF
1-1: Swinging Strike
1-2: Foul Ball, location: 3SF
1-2: Ball
2-2: Ball
3-2: Base on Balls
Batting: RHB Rob Richardson 0-0: Foul Ball, location: 3F
0-1: Called Strike
0-2: Foul Ball, location: 2F
0-2: Ball
1-2: Ball
2-2: Ball
3-2: Base on Balls
Roberto Ramos to second
Batting: RHB Thomas Montgomery 0-0: Foul Ball, location: 5SF
0-1: Swinging Strike
0-2: Ball
1-2: Fly out, F9 (Flyball, 9D, EV 112.5 MPH)
Runner from 2nd tags up, SAFE at 3rd, no throw by RF
Batting: SHB Brian Warfel 0-0: Ball
1-0: Foul Ball, location: 2F
1-1: Called Strike
1-2: Foul Ball, location: 2F
1-2: Fly out, F3 (Popup, 34S, EV 76.9 MPH)
Batting: RHB Beau Fenton 0-0: Foul Ball, location: 2RF
0-1: Ball
1-1: Foul Ball, location: 2F
1-2: Strikes out swinging
Top of the 7th over - 0 runs, 0 hits, 0 errors, 2 left on base; Kane County 3 - Burlington 3
BOTTOM OF THE 7TH
Burlington Bees batting - Pitching for Kane County Cougars : RHP Jim Unknown
Batting: LHB Kevin Zarndt 0-0: Ball
1-0: Ground out U3 (Groundball, 34S, EV 83.1 MPH)
Batting: RHB Jason Glennon 0-0: Called Strike
0-1: Fly out, F8 (Flyball, 8LS, EV 97.5 MPH)
Batting: RHB Arturo Ramirez 0-0: Ground out 3-1 (Groundball, 34, EV 91.3 MPH)
Bottom of the 7th over - 0 runs, 0 hits, 0 errors, 0 left on base; Kane County 3 - Burlington 3
TOP OF THE 8TH
Kane County Cougars batting - Pitching for Burlington Bees : LHP Pete Christian
Batting: RHB Chris Knable 0-0: Foul Ball, location: 25F
0-1: Ball
1-1: Swinging Strike
1-2: Foul Ball, location: 2F
1-2: Strikes out swinging
Batting: RHB Craig Barker 0-0: Swinging Strike
0-1: Ball
1-1: Foul Ball, location: 2F
1-2: Ball
2-2: SINGLE (Groundball, 4MD, EV 95.6 MPH)
Batting: RHB Bob Strause 0-0: Ball
1-0: Called Strike
1-1: Foul Ball, location: 2F
1-2: Ball
2-2: Strikes out swinging
Batting: SHB Chris Smigelski 0-0: Ball
1-0: 2-RUN HOME RUN (Flyball, 7LD, EV 94.4 MPH), Distance : 345 ft
Batting: SHB Roberto Ramos 0-0: Swinging Strike
0-1: Called Strike
0-2: Ball
1-2: Ball
2-2: Strikes out looking
Top of the 8th over - 2 runs, 2 hits, 0 errors, 0 left on base; Kane County 5 - Burlington 3
BOTTOM OF THE 8TH
Burlington Bees batting - Pitching for Kane County Cougars : RHP Jim Unknown
Batting: RHB Ken Bahr 0-0: Ball
1-0: Called Strike
1-1: Ball
2-1: Ball
3-1: Called Strike
3-2: Foul Ball, location: 3DF
3-2: SOLO HOME RUN (Flyball, 7LD, EV 97.5 MPH), Distance : 351 ft
Batting: RHB David Hardy 0-0: Called Strike
0-1: Ball
1-1: Foul Ball, location: 2F
1-2: SINGLE (Line Drive, 6MD, EV 104.4 MPH)
Batting: SHB Colton Voeller 0-0: Ball
1-0: Called Strike
1-1: Called Strike
1-2: Fly out, F8 (Flyball, 8RM, EV 86.9 MPH)
Batting: LHB Josh Walker 0-0: Ball
1-0: Fly out, F8 (Flyball, 8LD, EV 86.9 MPH)
Batting: RHB Danny Jester 0-0: Fielders Choice at 2nd, 5-4 (Groundball, 5L, EV 107.5 MPH)
Bottom of the 8th over - 1 run, 2 hits, 0 errors, 1 left on base; Kane County 5 - Burlington 4
TOP OF THE 9TH
Kane County Cougars batting - Pitching for Burlington Bees : LHP Pete Christian
Pitching: RHP David Lerma
Batting: RHB Rob Richardson 0-0: Ball
1-0: Ball
2-0: Foul Ball, location: 5F
2-1: Ball
3-1: Base on Balls
Batting: RHB Thomas Montgomery 0-0: Ball
1-0: Foul Ball, location: 5F
1-1: Fly out, F8 (Flyball, 8LD, EV 93.8 MPH)
Batting: SHB Brian Warfel 0-0: Ball
1-0: Foul Ball, location: 7LDF
1-1: Ball
2-1: Ball
3-1: Called Strike
3-2: Foul Ball, location: 2F
3-2: Strikes out looking and he ARGUES THE CALL AND IS TOSSED!
Batting: RHB Beau Fenton 0-0: SINGLE (Groundball, 4M, EV 103.1 MPH)
Rob Richardson to second
Batting: RHB Chris Knable 0-0: Ball
1-0: Foul Ball, location: 2F
1-1: Fielders Choice at 2nd, 6-4 (Groundball, 56, EV 86.9 MPH)
Top of the 9th over - 0 runs, 1 hit, 0 errors, 2 left on base; Kane County 5 - Burlington 4
BOTTOM OF THE 9TH
Burlington Bees batting - Pitching for Kane County Cougars : RHP Jim Unknown
Now in LF: Santiago Bautista
Batting: SHB Guy Epperson 0-0: Ball
1-0: Called Strike
1-1: Ball
2-1: SINGLE (Groundball, 3D, EV 95.0 MPH)
Batting: LHB Kevin Zarndt 0-0: Ball
1-0: Called Strike
1-1: Called Strike
1-2: SINGLE (Groundball, 56, EV 94.4 MPH)
Guy Epperson to second
Pinch Hitting: SHB Francisco Martinez 0-0: Called Strike
0-1: Grounds into double play, 4-6-3 (Groundball, 4, EV 85.6 MPH)
Guy Epperson to third
Pinch Hitting: RHB Rich Gonzales 0-0: Ball
1-0: Ball
2-0: Ball
3-0: Called Strike
3-1: Base on Balls
Pinch Hitting: RHB Jonathan Baynham 0-0: Ground out 5-3 (Groundball, 56S, EV 70.6 MPH)
Bottom of the 9th over - 0 runs, 2 hits, 0 errors, 2 left on base; Kane County 5 - Burlington 4
Sunday, April 14th , 2024 - OOTP Baseball 24.11 Build 85